 Dungeon Sprint DCSS version 0.31-a0-844-gdc52ec4e09 (webtiles) character file.

Game seed: 5951567736395906947

1 sircluck the Ruffian (level 1, -1/33 HPs)
             Began as a Troll Berserker on Sept 28, 2023.
             Was a Follower of Trog.
             Slain by a wolf (7 damage)
             ... in the Dungeon (Sprint VII: "The Pits").
             The game lasted 00:00:07 (53 turns).

sircluck the Ruffian (Troll Berserker)                Turns: 53, Time: 00:00:08

Health: -1/33      AC:  4    Str: 24    XL:     1   Next: 16%
Magic:  0/0        EV: 10    Int:  3    God:    Trog [*.....]
Gold:   0          SH:  0    Dex:  9    Spells: 0/0 levels left

rFire   . .          .
                       - Unarmed
rCold   . . .        (no shield)
rNeg    . . .        a - +0 animal skin
rPois   .            (helmet restricted)
rElec   .            (no cloak)
rCorr   .            (gloves unavailable)
SInv    .            (boots unavailable)
Will    .....        (no amulet) Stlth
                     (no ring)
HPRegen 1.05/turn    (no ring)
MPRegen 0.07/turn

%: no teleportation
@: berserking, very quick
A: large, unfitting armour, claws 3, regeneration 1, shaggy fur 1, tough skin 1
a: Renounce Religion, Berserk


You were in the Dungeon.
You worshipped Trog.
Trog was aware of your devotion.
You visited 1 branch

Inventory:

Armour
 a - a +0 animal skin (worn)
Scrolls
 g - a scroll of blinking
Potions
 b - a potion of curing
 c - a potion of heal wounds
 d - a potion of haste
 e - 2 potions of magic
 f - a potion of berserk rage


   Skills:
 + Level 2.6 Fighting
 + Level 2.6 Dodging
 + Level 3.2 Unarmed Combat


You couldn't memorise any spells.
You didn't know any spells.
Your spell library was empty.

Dungeon Overview and Level Annotations

Branches:
Dungeon (1/1)

Altars:


Innate Abilities, Weirdness & Mutations

You are too large for most types of armour.
You have claws for hands.
Your natural rate of healing is unusually fast.
You are covered in fur. (AC +1)
You have tough skin. (AC +1)


Message History

You open the door.
There is an open door to the Entrance Hall (Safe) here.
You open the door.
A hobgoblin comes into view.
The hobgoblin shouts!
The hobgoblin closely misses you.
There is an open door to the Storerooms (Easy) here.
You claw the hobgoblin!
You kill the hobgoblin!
Trog accepts your kill.
You see here a hobgoblin corpse.
You see here a hobgoblin corpse.
There is an open door to the Storerooms (Easy) here.
You open the huge gate.
There is a huge open gate leading to the Armoury (Hard) here.
A deep elf pyromancer comes into view. It is wielding a +0 long sword.
The deep elf pyromancer shouts!
A wolf comes into view.
There is a huge open gate here.
The deep elf pyromancer gestures wildly while chanting.
There is a huge open gate leading to the Armoury (Hard) here.
The wolf howls!
A red film seems to cover your vision as you go berserk!
You feel yourself moving faster!
You feel mighty! The wolf bites you! The wolf bites you.
You claw the wolf!
The wolf is moderately wounded.
The wolf bites you!
You miss the wolf.
The wolf is moderately wounded.
The wolf barely misses you.
You claw the wolf!
The wolf is severely wounded.
The wolf bites you!
* * * LOW HITPOINT WARNING * * *
You claw the wolf!
The wolf is almost dead.
The fire elemental completely misses you.
The wolf bites you!
You die...

##########++###### ###
#+##................# ..#
+.##......#..#......##..#
####.##..............e.''..#
.....†'.........@h○○°°°'°○.#
#+#####......#..#E.....##..°°°..
#................# ..h.e..
####'#####++###### #######
#.......# #.......# #.......#
#...<...# #.......#


You could see a deep elf pyromancer, a fire elemental (summoned) and a wolf.

Vanquished Creatures
  A hobgoblin (D)
1 creature vanquished.

Notes
Turn   | Place    | Note
-------+----------+-------------------------------------------
     0 | D        | sircluck the Troll Berserker began the quest for the Orb.
     0 | D        | Reached XP level 1. HP: 22/22 MP: 0/0
    40 | D        | Noticed a deep elf pyromancer
    40 | D        | Noticed a wolf
    42 | D        | Noticed a fire elemental
    53 | D        | Slain by a wolf

Illustrated notes

Levels and vault maps discovered:
D:        pitsprint [storerooms_1, entrance_room_1, metal_vault_2, armoury_2,
          mini_pit_1, grid_room_1, main_hall_1, silver_pit, the_coven_3,
          the_vestibule_1, steel_vault_3, golden_pit, hallway_of_sentries,
          crystal_vault_4, iron_vault_3, final_vault]

Action                     || total
---------------------------++-------
  Melee: Unarmed           ||     5
 Invoke: Berserk           ||     1
 Armour: Animal skin       ||     5
  Dodge: Dodged            ||     3

Table legend: (Time is in decaauts)
 A = Elapsed time spent in this place.
 B = Non-inter-level travel time spent in this place.
 C = Inter-level travel time spent in this place.
 D = Time resting spent in this place.
 E = Time spent auto-exploring this place.
 F = Levels seen in this place.
 G = Mean time per level.
                   A        B        C        D        E       F      G
               +--------+--------+--------+--------+--------+-----+--------+
         Total |     51 |     51 |      0 |      0 |      0 |   1 |   51.0 |
       Dungeon |     51 |     51 |      0 |      0 |      0 |   1 |   51.0 |
               +--------+--------+--------+--------+--------+-----+--------+

Top non-repeatable levels by time:
       D: 51 daAuts
